 Dungeon Crawl Stone Soup version 0.30-a0-358-g0d69a1922f (webtiles) character file.

Game seed: 13571725831799285438

98 Harunobu the Trooper (level 4, -1/29 HPs)
             Began as a Gargoyle Monk on Nov 8, 2022.
             Slain by a black bear (6 damage)
             ... on level 4 of the Dungeon on Nov 10, 2022.
             The game lasted 00:04:04 (2438 turns).

Harunobu the Trooper (Gargoyle Monk)                Turns: 2438, Time: 00:04:05

Health: -1/29      AC: 12    Str: 17    XL:     4   Next: 71%
Magic:  4/4        EV:  7    Int: 10    God:
Gold:   251        SH:  0    Dex: 12    Spells: 3/3 levels left

rFire   . . .      SeeInvis .    r - +0 whip
rCold   . . .      Faith    .    (no shield)
rNeg    + . .      Spirit   .    h - +0 chain mail
rPois   ∞          Reflect  .    (no helmet)
rElec   +          Harm     .    (no cloak)
rCorr   .          Rampage  .    (no gloves)
Will    .....                    j - +0 pair of boots
Stlth   ..........               (no amulet)
HPRegen 0.24/turn                (no ring)
MPRegen 0.09/turn                (no ring)

@: no status effects
A: sickness immunity, AC +3, negative energy resistance 1, electricity
resistance, torment resistance 1, petrification resistance
a: no special abilities


You were on level 4 of the Dungeon.
You visited 1 branch of the dungeon, and saw 4 of its levels.

You collected 251 gold pieces.

Inventory:

Hand Weapons
 a - a +0 mace
 r - a +0 whip (weapon)
Armour
 h - a +0 chain mail (worn)
 j - a +0 pair of boots (worn)
Scrolls
 g - a scroll of amnesia {unknown}
 i - a scroll of immolation {unknown}
 k - a scroll of butterflies {unknown}
 l - 3 scrolls of identify {unknown}
 m - a scroll of silence {unknown}
 n - a scroll of teleportation {unknown}
 q - a scroll of blinking {unknown}
 s - 2 scrolls of vulnerability {unknown}
Potions
 b - a potion of attraction {unknown}
 c - 3 potions of ambrosia
 d - a potion of lignification {unknown}
 e - a potion of cancellation {unknown}
 f - a potion of degeneration {unknown}
 p - a potion of magic {unknown}


   Skills:
 + Level 4.3 Fighting
 + Level 3.1 Maces & Flails
 + Level 3.1 Dodging
 + Level 3.6 Stealth


You had 3 spell levels left.
You didn't know any spells.
Your spell library contained the following spells:

 Spells                   Type           Power      Damage    Failure   Level
 Kiss of Death            Conj/Necr      0%         2d5       100%        1
 Confusing Touch          Hex            0%         N/A       100%        3
 Animate Dead             Necr           0%         N/A       100%        4
 Dispel Undead            Necr           0%         3d6       100%        4
 Haunt                    Necr/Summ      0%         N/A       100%        7
 Infestation              Necr           0%         N/A       100%        8


Dungeon Overview and Level Annotations

Branches:
Dungeon (4/15)
 Temple: D:4-7

Altars:


Innate Abilities, Weirdness & Mutations

You are immune to sickness and miasma.
Your stone body is resilient. (AC +3)
You are immune to poison.
You resist negative energy. (rN+)
You are resistant to electric shocks. (rElec)
You are resistant to unholy torment.
You are immune to petrification.


Message History

The black bear claws you. x2
The black bear bites you but does no damage.
The black bear claws you but does no damage. x2
You hit the black bear but do no damage.
The black bear is severely wounded.
The black bear bites you but does no damage.
The black bear claws you. x2
* * * LOW HITPOINT WARNING * * *
You hit the black bear but do no damage.
The black bear is severely wounded.
The black bear bites you but does no damage.
The black bear claws you.
* * * LOW HITPOINT WARNING * * *
The black bear claws you but does no damage.
It was a potion of curing.
You feel better. The black bear bites you!
* * * LOW HITPOINT WARNING * * *
The black bear barely misses you.
The black bear claws you but does no damage.
The black bear bites you.
* * * LOW HITPOINT WARNING * * *
The black bear barely misses you.
The black bear claws you but does no damage.
You feel better.
The black bear bites you but does no damage.
The black bear claws you but does no damage.
The black bear claws you.
* * * LOW HITPOINT WARNING * * *
You completely miss the black bear.
The black bear is severely wounded.
The black bear bites you.
* * * LOW HITPOINT WARNING * * *
The black bear claws you but does no damage.
The black bear completely misses you. x2; The black bear barely misses you.
The black bear claws you but does no damage.
You barely miss the black bear.
The black bear is severely wounded.
The black bear barely misses you.
The black bear claws you but does no damage.
The black bear claws you.
You die...

.....#.... ..........
.........##### #
..........#..# .##
.............# ..#
........##...# #..#
.......###.#.####...##
.......#.......†h....#..
.....##>........@.......
....###.....#####.......
.....#...#### ##....#
.....#..<### ...#
#..........## ..#
#............# .#
.....#######... #
......# #. ....##.#


You could see a black bear (berserk).

Vanquished Creatures
  An iguana (D:3)
  2 adders (D:2)
  A worm (D:4)
  5 orcs
  5 endoplasms
  A giant cockroach (D:1)
  4 goblins
  4 hobgoblins
  2 quokkas
  6 ball pythons
  5 bats
  4 frilled lizards
  4 kobolds
  2 rats
46 creatures vanquished.

Notes
Turn   | Place    | Note
-------+----------+-------------------------------------------
     0 | D:1      | Harunobu the Gargoyle Monk began the quest for the Orb.
     0 | D:1      | Reached XP level 1. HP: 14/14 MP: 1/1
   367 | D:1      | Reached XP level 2. HP: 19/19 MP: 2/2
   880 | D:2      | Reached XP level 3. HP: 20/24 MP: 3/3
  1205 | D:3      | Reached skill level 4 in Fighting
  1237 | D:3      | Upgraded the game from 0.30-a0-355-g4c39ff33d3 to
                  | 0.30-a0-358-g0d69a1922f
  1723 | D:3      | Reached XP level 4. HP: 20/29 MP: 4/4
  2412 | D:4      | Noticed a black bear
  2438 | D:4      | Slain by a black bear

Illustrated notes

Levels and vault maps discovered:
D:1:      ncdulo_lavacross, layout_basic
D:2:      minmay_evil_eye, layout_loops_corners, serial_shops,
          nicolae_shop_hallway_plus
D:3:      layout_basic, hangedman_abyss_or_decor_lesser_grid
D:4:      layout_layer_cave, nicolae_shop_vocational

Skill      XL: |  1  2  3 |
---------------+----------+-----
Stealth        | 3 |  3.6
Fighting       | 4 |  4.3
Dodging        | 3 |  3.1
Maces & Flails | |  3.1

Action                   |  1- 3 |  4- 6 || total
-------------------------+-------+-------++-------
Melee: Mace              |   126 |     8 ||   134
       Punch             |     2 |     1 ||     3
       Whip              |       |    79 ||    79
  Use: Potion            |       |     2 ||     2
Armor: Robe              |     4 |       ||     4
       Chain mail        |    68 |    80 ||   148
Dodge: Dodged            |    57 |    51 ||   108

Table legend: (Time is in decaauts)
 A = Elapsed time spent in this place.
 B = Non-inter-level travel time spent in this place.
 C = Inter-level travel time spent in this place.
 D = Time resting spent in this place.
 E = Time spent auto-exploring this place.
 F = Levels seen in this place.
 G = Mean time per level.
                   A        B        C        D        E       F      G
               +--------+--------+--------+--------+--------+-----+--------+
         Total |   2466 |   2414 |     52 |    347 |   1437 |   4 |  616.5 |
       Dungeon |   2466 |   2414 |     52 |    347 |   1437 |   4 |  616.5 |
               +--------+--------+--------+--------+--------+-----+--------+

Top non-repeatable levels by time:
     D:3: 862 daAuts
     D:1: 803 daAuts
     D:4: 410 daAuts
     D:2: 389 daAuts
